 Dungeon Crawl Stone Soup version 0.30-a0-414-gcb316572d5 (webtiles) character file.

Game seed: 12483595527804458472

87 lunkers the Cutter (level 5, 0/41 HPs)
             Began as a Meteoran Brigand on Dec 8, 2022.
             Slain by an orc wizard
             ... wielding a +0 dagger
              (3 damage)
             ... on level 3 of the Dungeon.
             The game lasted 00:01:29 (686 turns).

lunkers the Cutter (Meteoran Brigand)                Turns: 686, Time: 00:01:29

Health: 0/41       AC:  3    Str: 14    XL:     5   Next: 8%
Magic:  6/6        EV: 12    Int: 12    God:
Gold:   39         SH:  0    Dex: 16    Spells: 4/4 levels left

rFire   . . .      SeeInvis .    a - +2 dagger
rCold   . . .      Faith    .    (no shield)
rNeg    . . .      Spirit   .    b - +0 robe
rPois   .          Reflect  .    (no helmet)
rElec   .          Harm     .    c - +0 cloak
rCorr   .          Rampage  .    (no gloves)
Will    .....                    (no boots)
Stlth   +.........               (no amulet)
HPRegen 0.26/turn                (no ring)
MPRegen 0.10/turn                (no ring)

@: glowing
A: sense surroundings 1, otherworldly, glowing, explore regen
a: no special abilities


You were on level 3 of the Dungeon.
You visited 1 branch of the dungeon, and saw 3 of its levels.

You collected 39 gold pieces.

Inventory:

Hand Weapons
 a - a +2 dagger (weapon)
Missiles
 d - 9 poisoned darts
 e - 3 curare-tipped darts
Armour
 b - a +0 robe (worn)
 c - a +0 cloak (worn)
Wands
 i - a wand of quicksilver (2)
Scrolls
 g - a scroll of brand weapon {unknown}
 h - 2 scrolls of vulnerability {unknown}
 k - a scroll of enchant weapon {unknown}
 l - a scroll of identify {unknown}
Potions
 f - a potion of flight {unknown}
 j - a potion of invisibility {unknown}


   Skills:
 - Level 2.1 Fighting
 + Level 5.1 Short Blades
 - Level 2.4 Throwing
 - Level 1.2 Dodging
 - Level 2.9 Stealth


You had 4 spell levels left.
You didn't know any spells.
Your spell library was empty.

Dungeon Overview and Level Annotations

Branches:
Dungeon (3/15) Zot: 1130

Altars:


Innate Abilities, Weirdness & Mutations

You passively map a small area around you.
You are easily found by Zot.
You glow in the dark.
You regain HP and MP as you explore.


Message History

You hit something but do no damage. Something hits you.
* * * LOW HITPOINT WARNING * * *
You hit something. Something hits you but does no damage.
You miss something. Something hits you.
* * * LOW HITPOINT WARNING * * *
You closely miss something. You closely miss something.
Something hits you but does no damage.
You completely miss something. Something hits you.
* * * LOW HITPOINT WARNING * * *
You barely miss something. Something hits you.
* * * LOW HITPOINT WARNING * * *
You barely miss something. Something hits you but does no damage.
You hit something. You hit something. Something completely misses you.
Unknown command.
You barely miss something. Something hits you.
* * * LOW HITPOINT WARNING * * *
You hit something but do no damage. Something hits you.
* * * LOW HITPOINT WARNING * * *
You barely miss something. Something hits you.
* * * LOW HITPOINT WARNING * * *
You completely miss something. You hit something. Something hits you.
* * * LOW HITPOINT WARNING * * *
You miss something. Something hits you but does no damage.
You miss something.
Unknown command.
You barely miss something. Something hits you.
* * * LOW HITPOINT WARNING * * *
You hit something.
Reactivating autopickup.
You feel a bit more experienced.
Your Short Blades skill increases to level 5!
You have reached level 5!
Deactivating autopickup; reactivate with Ctrl-A.
You miss something. Something hits you.
* * * LOW HITPOINT WARNING * * *
You hit something. You miss something. Something hits you.
You die...

* #.. , , , #... ...* * ,
, , ,, * ..### , * ,...#
* * ..# , * **#)# ,, #@##
, , ~ #..# . * ~ ~ #..#
,.. , * *♣♣.≈.# #..# ##..
..§.# #..##... .≈ ♣.≈.#
##..#.#* . .≈.,
♣.≈.######...#.... *
..≈.♣♣♣♣♣§≈§##.........#*
*
..§.§.....§.##.####.....#
,


There were no monsters in sight!

Vanquished Creatures
  An orc priest (D:3)
  An orc wizard (D:3)
  An adder (D:2)
  An orc (D:3)
  2 giant cockroaches (D:1)
  4 goblins
  3 hobgoblins
  A ball python (D:2)
  A bat (D:1)
  A frilled lizard (D:1)
  4 kobolds
  4 rats
24 creatures vanquished.

Notes
Turn   | Place    | Note
-------+----------+-------------------------------------------
     0 | D:1      | lunkers the Meteoran Brigand began the quest for the Orb.
     0 | D:1      | Reached XP level 1. HP: 17/17 MP: 2/2
    81 | D:1      | Reached XP level 2. HP: 18/24 MP: 3/3
   213 | D:1      | Reached skill level 3 in Short Blades
   323 | D:2      | Reached XP level 3. HP: 15/29 MP: 4/4
   653 | D:3      | Reached skill level 4 in Short Blades
   663 | D:3      | Reached XP level 4. HP: 19/36 MP: 5/5
   684 | D:3      | Reached skill level 5 in Short Blades
   684 | D:3      | Reached XP level 5. HP: 5/41 MP: 6/6
   686 | D:3      | Slain by an orc wizard

Illustrated notes

Levels and vault maps discovered:
D:1:      scummos_arrival_gate, layout_loops_ring, dk_noncrumbling_4
D:2:      layout_loops_ring, uniq_terence
D:3:      layout_rooms, lemuel_round_altar, mainiacjoe_overflow_brackets

Skill      XL: |  1  2  3  4 |
---------------+-------------+-----
Short Blades   | 3 4 5 |  5.1
Fighting       | |  2.1
Throwing       | |  2.4
Dodging        | |  1.2
Stealth        | |  2.9

Action                   |  1- 3 |  4- 6 || total
-------------------------+-------+-------++-------
Melee: Dagger            |    73 |    24 ||    97
 Stab: Sleeping          |     2 |       ||     2
Armor: Robe              |    11 |     4 ||    15
Dodge: Dodged            |    28 |     1 ||    29

Table legend: (Time is in decaauts)
 A = Elapsed time spent in this place.
 B = Non-inter-level travel time spent in this place.
 C = Inter-level travel time spent in this place.
 D = Time resting spent in this place.
 E = Time spent auto-exploring this place.
 F = Levels seen in this place.
 G = Mean time per level.
                   A        B        C        D        E       F      G
               +--------+--------+--------+--------+--------+-----+--------+
         Total |    668 |    668 |      0 |      0 |    504 |   3 |  222.7 |
       Dungeon |    668 |    668 |      0 |      0 |    504 |   3 |  222.7 |
               +--------+--------+--------+--------+--------+-----+--------+

Top non-repeatable levels by time:
     D:1: 304 daAuts
     D:2: 258 daAuts
     D:3: 105 daAuts
